 Dungeon Crawl Stone Soup version 0.30-a0-777-ga9a30cb (webtiles) character file.

Game seed: 9134188734461086924

2808191 Illumine the Acrobat (level 24, 151/151 HPs)
             Began as a Felid Summoner on Feb 13, 2023.
             Was the Champion of Jiyva.
             Escaped with the Orb
             ... and 5 runes on Feb 14, 2023!
             The game lasted 04:45:40 (79584 turns).

Illumine the Acrobat (Felid Summoner)              Turns: 79584, Time: 04:45:41

Health: 151/151    AC: 22    Str: 12    XL:     24   Next: 73%
Magic:  38/38      EV: 50    Int: 33    God:    Jiyva [******]
Gold:   9638       SH:  5    Dex: 20    Spells: 1/53 levels left
                                        Lives:  1   Deaths: 6

rFire   + + .      SeeInvis +      - Unarmed
rCold   x . .      Faith    .    (shield unavailable)
rNeg    + . .      Spirit   .    (body armour unavailable)
rPois   ∞          Reflect  +    (helmet unavailable)
rElec   +          Harm     .    (cloak unavailable)
rCorr   +          Rampage  .    (gloves unavailable)
Will    +++..      Archmagi +    (boots unavailable)
Stlth   +                        W - amulet of Vaeg {Reflect rN+ rCorr Int+3 Dex+3 SH+5}
HPRegen 2.05/turn                T - ring of Cel Bipn {rElec rPois rF++ rC- Int+6}
MPRegen 0.76/turn                K - ring of the Mage {Wiz Archmagi}

@: storm-form, flying, studying 2 skills
A: cleaving, insubstantial, flying, very small, (claws 1), (fangs 3), see
invisible, (speed 1), (shaggy fur 3), (stealthy paws), no weapons or thrown
items, no armour, multi-lived, (antennae 1), (camouflage 2), low MP 1, sense
surroundings 1, robust 2, strong 2, (gelatinous body 1), (pseudopods 2), (jelly
sensing items), inability to read after injury 1
0: Orb of Zot
}: 5/15 runes: serpentine, barnacled, slimy, silver, abyssal
a: Blinkbolt, End Transformation, Renounce Religion, Oozemancy, Slimify


You escaped.
You worshipped Jiyva.
Jiyva was exalted by your worship.
You were a lightning-filled tempest!
You visited 13 branches of the dungeon, and saw 57 of its levels.
You visited the Abyss 1 time.
You visited 1 bazaar.
You also visited: Trove and Gauntlet.

You collected 20319 gold pieces.
You spent 3782 gold pieces at shops.
You paid 6899 gold pieces to Gozag.

Inventory:

Jewellery
 n - the ring of Vowk {rF+ rN+ Will+ rCorr Stlth-}
   (You acquired it on level 3 of the Realm of Zot)

   [ring of willpower]

   rF:        It protects you from fire.
   rN:        It protects you from negative energy.
   rCorr:     It protects you from acid and corrosion.
   Will:      It increases your willpower.
   Stlth:     It makes you less stealthy.
 u - a ring of positive energy
 D - an amulet of magic regeneration
 G - the amulet "Gesouz" {Reflect SH+5 Stlth+}
   (You bought it in a shop on level 1 of the Lair of Beasts)

   [amulet of reflection]

   It reflects blocked missile attacks.
   SH:        It affects your SH (+5).
   Stlth:     It makes you more stealthy.
 J - a +4 ring of protection
 K - the ring of the Mage (right paw) {Wiz Archmagi}
   (You bought it in a shop on level 1 of the Lair of Beasts)

   [ring of wizardry]

   It improves your spell success rate.
   Archmagi:  It increases the power of your magical spells.
 L - a ring of protection from cold
 Q - a ring of ice
 S - a ring of magical power
 T - the ring of Cel Bipn (left paw) {rElec rPois rF++ rC- Int+6}
   (You took it off a minotaur in a Gauntlet)

   [ring of intelligence]

   Int:       It affects your intelligence (+6).
   rF:        It greatly protects you from fire.
   rC:        It makes you vulnerable to cold.
   rElec:     It insulates you from electricity.
   rPois:     It protects you from poison.
 U - a +4 ring of protection
 V - a +6 ring of intelligence
 W - the amulet of Vaeg (around neck) {Reflect rN+ rCorr Int+3 Dex+3 SH+5}
   (You took it off a merfolk on level 4 of the Shoals)

   [amulet of reflection]

   It reflects blocked missile attacks.
   Int:       It affects your intelligence (+3).
   Dex:       It affects your dexterity (+3).
   rN:        It protects you from negative energy.
   rCorr:     It protects you from acid and corrosion.
   SH:        It affects your SH (+5).
 X - the ring of Issiog {Will+ MP+9 Str+5 Stlth-}
   (You found it on level 5 of the Vaults)

   [ring of willpower]

   Str:       It affects your strength (+5).
   MP:        It affects your magic capacity (+9).
   Will:      It increases your willpower.
   Stlth:     It makes you less stealthy.
 Y - a +5 ring of evasion
 Z - an amulet of the acrobat
Wands
 j - a wand of mindburst (49)
 o - a wand of digging (17)
 p - a wand of polymorph (29)
 q - a wand of flame (96)
 s - a wand of paralysis (60)
 y - a wand of roots (57)
 O - a wand of quicksilver (41)
Scrolls
 d - 13 scrolls of fog
 f - 10 scrolls of blinking
 h - 17 scrolls of teleportation
 r - 11 scrolls of vulnerability
 w - 2 scrolls of amnesia
 x - 6 scrolls of poison
 B - 2 scrolls of magic mapping
 E - 6 scrolls of torment
 M - 10 scrolls of immolation
 N - 7 scrolls of fear
 R - 4 scrolls of silence
Potions
 a - 7 potions of magic
 b - 14 potions of flight
 c - 2 potions of mutation
 e - 7 potions of resistance
 g - 10 potions of might
 i - 12 potions of haste
 k - 3 potions of berserk rage
 v - 8 potions of attraction
 z - 7 potions of cancellation
 A - 8 potions of heal wounds
 C - 11 potions of lignification
 F - 12 potions of brilliance
 I - 2 potions of ambrosia
 P - 18 potions of curing
Miscellaneous
 l - a phantom mirror
 m - a condenser vane
 t - a tin of tremorstones (2/2)


   Skills:
 + Level 21.8 Fighting
 + Level 23.4 Dodging
 - Level 3.0 Stealth
 + Level 19.6 Unarmed Combat
 - Level 15.0 Spellcasting
 - Level 10.0 Hexes
 - Level 16.0 Summonings
 - Level 9.0 Necromancy
 - Level 15.0 Translocations
 + Level 20.9 Transmutations
 + Level 20.7 Air Magic
 - Level 5.0 Evocations


You had one spell level left.
You knew the following spells:

 Your Spells              Type           Power      Damage    Failure   Level
a - Summon Small Mammal   Summ           100%       N/A       0%          1
b - Monstrous Menagerie   Summ           57%        N/A       1%          7
c - Summon Hydra          Summ           57%        N/A       1%          7
d - Passage of Golubria   Tloc           100%       N/A       1%          4
e - Summon Lightning Spi  Summ/Air       100%       N/A       0%          4
f - Apportation           Tloc           100%       N/A       0%          1
g - Storm Form            Tmut/Air       63%        N/A       1%          7
h - Manifold Assault      Tloc           100%       N/A       1%          4
i - Wereblood             Tmut           100%       N/A       0%          2
j - Haunt                 Necr/Summ      51%        N/A       3%          7
k - Blink                 Tloc           100%       N/A       0%          2
l - Dispersal             Tloc           55%        N/A       1%          6

Your spell library contained the following spells:

 Spells                   Type           Power      Damage    Failure   Level
 Sting                    Tmut/Pois      100%       1d8       0%          1
 Foxfire                  Conj/Fire      100%       2x1d9     1%          1
 Magic Dart               Conj           100%       1d8       1%          1
 Necrotise                Necr           100%       1d9       1%          1
 Slow                     Hex            100%       N/A       1%          1
 Call Imp                 Summ           100%       N/A       0%          2
 Lesser Beckoning         Tloc           100%       N/A       0%          2
 Call Canine Familiar     Summ           100%       N/A       0%          3
 Gell's Gravitas          Tloc           100%       N/A       0%          3
 Teleport Other           Tloc           100%       N/A       0%          3
 Vhi's Electric Charge    Tloc/Air       100%       N/A       0%          3
 Airstrike                Air            63%        2d(10-26) 0%          4
 Blade Hands              Tmut           63%        N/A       0%          5
 Cigotuvi's Dreadful Rot  Necr/Pois/Air  100%       N/A       1%          2
 Poisonous Vapours        Pois/Air       100%       N/A       1%          2
 Static Discharge         Conj/Air       100%       2-7/arc   1%          2
 Sublimation of Blood     Necr           91%        N/A       1%          2
 Confusing Touch          Hex            94%        N/A       1%          3
 Dazzling Flash           Conj/Hex       100%       N/A       1%          3
 Hailstorm                Conj/Ice       37%        3d9       1%          3
 Ignite Poison            Fire/Tmut/Pois 82%        N/A       1%          3
 Inner Flame              Hex/Fire       72%        N/A       1%          3
 Kindle Blastsparks       Fire/Tloc/Air  100%       2d18      1%          3
 Mephitic Cloud           Conj/Pois/Air  81%        N/A       1%          3
 Ozocubu's Armour         Ice            37%        N/A       1%          3
 Summon Guardian Golem    Hex/Summ       100%       N/A       1%          3
 Vampiric Draining        Necr           91%        2d12      1%          3
 Animate Dead             Necr           91%        N/A       1%          4
 Cause Fear               Hex            47%        N/A       1%          4
 Dispel Undead            Necr           91%        3d29      1%          4
 Fulminant Prism          Conj/Hex       36%        3d17      1%          4
 Ice Form                 Ice/Tmut       96%        N/A       1%          4
 Iskenderun's Mystic Bla  Conj/Tloc      84%        2d17      1%          4
 Leda's Liquefaction      Hex/Erth       36%        N/A       1%          4
 Summon Ice Beast         Ice/Summ       86%        N/A       1%          4
 Agony                    Necr           91%        N/A       1%          5
 Alistair's Intoxication  Tmut/Pois      64%        N/A       1%          5
 Arcjolt                  Conj/Air       48%        1d58      1%          5
 Freezing Cloud           Conj/Ice/Air   40%        6-21      1%          5
 Lightning Bolt           Conj/Air       48%        1d68      1%          5
 Silence                  Hex/Air        56%        N/A       1%          5
 Summon Forest            Summ/Tloc      56%        N/A       1%          5
 Summon Mana Viper        Hex/Summ       100%       N/A       1%          5
 Yara's Violent Unravell  Hex/Tmut       56%        3d21      1%          5
 Eringya's Noxious Bog    Tmut/Pois      48%        N/A       1%          6
 Statue Form              Tmut/Erth      64%        N/A       1%          6
 Death Channel            Necr           45%        N/A       2%          6
 Summon Horrible Things   Summ           57%        N/A       6%          8
 Olgreb's Toxic Radiance  Pois           37%        N/A       7%          4
 Sticky Flame             Conj/Fire      37%        2d6       7%          4
 Enfeeble                 Hex            47%        N/A       10%         7
 Disjunction              Tloc           55%        N/A       10%         8
 Simulacrum               Ice/Necr       35%        N/A       16%         6
 Fireball                 Conj/Fire      18%        3d9       19%         5
 Lee's Rapid Deconstruct  Erth           18%        3d11*     19%         5
 Spellforged Servitor     Conj/Summ      43%        N/A       21%         7
 Discord                  Hex            47%        N/A       56%         8
 Iron Shot                Conj/Erth      18%        9d4       67%         6
 Starburst                Conj/Fire      18%        6d7       67%         6
 Infestation              Necr           45%        N/A       69%         8
 Orb of Destruction       Conj           18%        9d8       99%         7
 Ozocubu's Refrigeration  Ice            18%        4d11      99%         7
 Ignition                 Fire           18%        3d7       100%        8
 Lehudib's Crystal Spear  Conj/Erth      18%        10d6      100%        8
 Chain Lightning          Conj/Air       48%        3d64      100%        9
 Polar Vortex             Ice            18%        N/A       100%        9
 Portal Projectile        Hex/Tloc       Unusable   N/A       N/A         3
 Animate Armour           Summ/Erth      Unusable   N/A       N/A         4

Dungeon Overview and Level Annotations

Branches:
Dungeon (15/15)            Temple (1/1) D:6            Lair (5/5) D:11
 Shoals (4/4) Lair:2        Snake (4/4) Lair:2        Slime (5/5) Lair:5
    Orc (2/2) D:11            Elf (3/3) Orc:2        Vaults (5/5) D:13
  Crypt (3/3) Vaults:2       Tomb (1/3) Crypt:3      Depths (4/4) D:15
    Zot (5/5) Depths:4    Gauntlet (visited)

Altars:
Ashenzari
Cheibriados
Dithmenos
Elyvilon
Fedhas
Gozag
Hepliaklqana
Kikubaaqudgha
Makhleb
Nemelex Xobeh
Okawaru
Qazlal
Ru
Sif Muna
Trog
Uskayaw
Vehumet
Wu Jian
Xom
Yredelemnul
Zin
The Shining One
Jiyva

Shops:
D:1 (?   D:3 (   D:5 **   D:7 [   D:10 *   D:13 [*   Orc:2 *!**   Elf:2 =:=
Elf:3 =   Lair:1 =:*:=   Shoals:2 **   Snake:2 ==[   Vaults:1 =?[   Vaults:3 [
Vaults:4 *

Portals:
Hell: Depths:1 Depths:2 Depths:3 Depths:4
Abyss: Depths:1 Depths:3
Pandemonium: Depths:2
Ziggurat: Depths:3

Annotations:
Temple 2 transporters
Shoals:3 Ilsuiw
Snake:1 2 transporters, RazingBull's ghost, adept MiFi
Slime:5 Royal Jelly
Elf:2 5 runed translucent doors


Innate Abilities, Weirdness & Mutations

You are a lightning-filled tempest!
Your electrical attacks strike out in all directions at once.
You are incredibly evasive.
Your insubstantial body is immune to petrification, constriction, and being set on fire You are flying.
You are immune to poison.
((You have sharp claws.))
((You have razor-sharp teeth.))
You have supernaturally acute eyesight. (SInv)
((You cover ground quickly. (Speed+)))
((Your thick and shaggy fur keeps you warm. (AC +3, rC+)))
((Your paws help you pounce on unaware monsters.))
You are incapable of wielding weapons or throwing items.
You cannot wear armour.
You gain extra lives every three experience levels.
((You have a pair of small antennae on your head.))
((Your skin blends seamlessly with your surroundings (Stealth++).))
Your magical capacity is low. (-10% MP)
You passively map a small area around you.
You are very robust. (+20% HP)
Your muscles are very strong. (Str +8, Int/Dex -2)
((Your rubbery body absorbs attacks. (AC +1, EV +1)))
((Armour fits poorly on your large pseudopods.))
((You have a small jelly attached to you that senses nearby items.))
You occasionally lose the ability to read scrolls when taking damage.


Message History

There is a stone staircase leading up here.
You fly upwards.
There is a stone staircase leading down here.
There is an entrance to Duptue Gurou's General Store here.
There is a stone staircase leading up here.
You fly upwards.
There is a stone staircase leading down here.
Your transformation is almost over.
Jiyva gurgles merrily.
You hear a distant slurping noise.
You hear a distant slurping noise.
Your transformation has ended.
You hear a distant slurping noise.
You hear a distant slurping noise.
There is a stone staircase leading up here.
You climb upwards.
There is a stone staircase leading down here.
There is a stone staircase leading up here.
You climb upwards.
There is a stone staircase leading down here.
You see here a +0 club.
There is an open door here.
There is a stone staircase leading up here.
You climb upwards.
There is a stone staircase leading down here.
A sun demon comes into view.
Casting: Storm Form (mildly dangerous; 1% risk of failure)
Confirm with . or Enter, or press ? or * to list all spells.
You feel a surge of power!
You turn into a lightning-filled tempest!
The sun demon completely misses you. x2
There is an open door here.
You blast the sun demon!!!
The sun demon is severely wounded.
You blast the sun demon!!!
You kill the sun demon!
There is an open door here.
There is a staircase leading out of the dungeon here.
Magic restored.
You have escaped!

##....#.....####+### #....#
##.....^.....'.....#####....#
...##.._^....#.)...#...#..###
##..#.^......#..⌠..'.8.#..#
##...........#.....#...#..#
.............'.....#####..##
...##..#.....###'### ##..#
....#..#......#...# ##...######
.......#......#.v.# ##..#.......
....#.##......#...# ##...........
....#.........#######...........>
....#........#..................#
....#..............#............#
....#............#.###..........#
.........................########
..........................##
.#.#...)##....#..#.........##


There were no monsters in sight!

Vanquished Creatures
  3 dread liches
  6 ancient liches
  3 orbs of fire
  Vashnia (Snake:2)
  7 Killer Klowns (Zot:5)
  Bai Suzhen (Crypt:2)
  Parghit (Zot:4)
  Saint Roka (Depths:3)
  6 curse toes
  11 golden dragons
  A bone dragon (Depths:4)
  Jory (Vaults:4)
  the Enchantress (Depths:3)
  A Tzitzimitl (D:10)
  3 electric golems
  A hellephant (Depths:2)
  Jorgrun (Elf:1)
  14 tentacled monstrosities
  Mlioglotl (Snake:4)
  21 Orb Guardians (Zot:5)
  9 liches
  6 titans (Vaults:5)
  9 quicksilver dragons
  Asterion (Depths:1)
  9 acid blobs
  A deep elf blademaster (Elf:3)
  5 ancient champions
  4 tentacled starspawn (Abyss:3)
  2 deep elf master archers (Elf:3)
  15 sphinxes
  9 death cobs
  Agnes (Elf:1)
  Kirke (Shoals:1)
  Roxanne (Shoals:1)
  12 shadow dragons
  8 tengu reavers
  3 revenants
  12 nagarajas
  6 draconian monks
  6 fire giants
  4 azure jellies
  14 storm dragons
  5 rockslimes
  3 draconian knights
  11 draconian scorchers
  8 frost giants
  Aizul (Snake:1)
  Louise (D:14)
  5 deep elf elementalists (Elf:3)
  18 vault wardens
  4 draconian shifters
  3 ghost moths
  8 deep elf sorcerers
  2 juggernaut zombies
  22 ironbound preservers
  A balrug (Depths:3)
  2 angels (Depths:3)
  5 spriggan defenders
  8 draconian annihilators
  2 cacodemons
  An orc warlord (Vaults:1)
  2 reapers
  6 ghouls
  3 curse skulls
  7 ironbound thunderhulks
  5 draconian stormcallers
  4 war gargoyles
  7 quicksilver oozes
  20 very ugly things
  2 ophanim (Abyss:3)
  5 deep elf demonologists
  11 stone giants
  The ghost of Illumine the Summoner, a journeyman VSSu of Gozag (D:15)
  5 dire elephants
  3 vampire knights
  10 green draconians
  7 deep elf annihilators
  9 purple draconians
  8 red draconians
  8 yellow draconians
  9 black draconians
  10 white draconians
  Azrael (Elf:1)
  3 minotaurs
  A lorocyproca (Zot:5)
  An eidolon (Crypt:2)
  7 deep elf death magi
  2 crystal guardians
  2 merfolk javelineers (Shoals:4)
  7 ettins
  A blizzard demon (Zot:3)
  4 merfolk impalers
  3 entropy weavers
  11 yaktaur captains
  2 mummy priests
  7 great orbs of eyes
  A spriggan zombie (Depths:1)
  9 deep elf high priests
  The ghost of heathens the Severer, a journeyman MiBe of Trog (Orc:2)
  5 fire dragons
  9 jiangshi
  31 vault guards
  3 salamander tyrants
  7 ice dragons
  2 peacekeepers (Vaults:4)
  5 spriggan air magi
  A catoblepas (Shoals:3)
  2 merfolk avatars (Shoals:2)
  5 death knights
  An ogre mage (Vaults:5)
  6 ironbound frosthearts
  4 death yaks (Shoals:3)
  5 rakshasas
  6 anacondas
  14 satyrs
  14 dancing weapons
  9 centaur warriors
  A boulder beetle (D:14)
  5 tengu warriors
  18 death scarabs (Tomb:1)
  3 two-headed ogres
  An alligator snapping turtle (Shoals:1)
  3 merfolk aquamancers
  9 deep troll shamans
  9 deep troll earth magi
  6 naga warriors
  A titan zombie (D:15)
  3 spriggan berserkers
  A hell hog (Abyss:3)
  A bennu skeleton (Crypt:1)
  5 shock serpents
  9 naga sharpshooters
  5 vampire magi
  A thrashing horror (Abyss:3)
  A titan skeleton (Crypt:1)
  A storm dragon zombie (Depths:3)
  11 deep elf knights
  3 soul eaters
  A hell knight (Depths:1)
  8 iron trolls
  5 sun demons
  2 orc high priests
  24 skeletal warriors
  2 sixfirhies
  2 skysharks (Shoals:1)
  A golden dragon zombie (Depths:3)
  3 salamander mystics
  A quicksilver dragon simulacrum (Abyss:3)
  15 sea snakes
  2 cherubim
  2 sun moths (Shoals:3)
  A shadow demon (D:7)
  A glowing orange brain (Vaults:4)
  A spriggan simulacrum (Crypt:2)
  60 deep trolls
  2 bog bodies (Crypt:2)
  A spark wasp zombie (Depths:3)
  8 flayed ghosts
  4 wizards
  6 lindwurms
  18 harpies
  9 phantasmal warriors
  13 deep elf archers
  A tengu zombie (Depths:3)
  26 ironbound convokers
  7 naga ritualists
  An anaconda skeleton (Crypt:2)
  21 deep elf zephyrmancers
  8 necromancers
  8 mana vipers
  16 deep elf pyromancers
  4 orc knights
  25 ugly things
  A manticore (shapeshifter) (Vaults:3)
  A stone giant zombie (Crypt:3)
  4 cyclopes
  2 orc sorcerers (Depths:3)
  A frost giant zombie (D:15)
  An iron dragon zombie (Depths:3)
  7 shining eyes
  2 tengu skeletons (Depths:1)
  A worldbinder (Abyss:3)
  12 manticores
  A fire giant skeleton (Crypt:2)
  9 salamanders
  2 merfolk sirens (Shoals:3)
  30 black mambas
  20 fauns
  A black mamba (shapeshifter) (Elf:3)
  A torpor snail (Gauntlet)
  29 moths of wrath
  A stone giant skeleton (Crypt:3)
  5 guardian serpents
  A rust devil (Abyss:3)
  A smoke demon (Depths:3)
  22 vault sentinels
  13 naga magi
  2 apocalypse crabs (Abyss:3)
  An orange demon (D:10)
  3 water nymphs
  2 centaur skeletons
  A naga skeleton (Crypt:3)
  A torpor snail (shapeshifter) (Vaults:5)
  2 kobold demonologists (D:13)
  2 unseen horrors (Abyss:3)
  2 dire elephant skeletons
  A minotaur zombie (Crypt:2)
  5 efreet
  4 freezing wraiths
  A spark wasp simulacrum (Depths:3)
  31 yaktaurs
  A golden dragon simulacrum (Depths:1)
  A tengu conjurer (Depths:2)
  A death yak skeleton (Crypt:1)
  2 ancient zymes (Abyss:3)
  2 ice devils (Depths:2)
  2 trolls
  20 merfolk
  10 guardian mummies
  A hellwing (Zot:3)
  6 wind drakes
  A nameless horror (Crypt:3)
  A culicivora zombie (Crypt:2)
  A sphinx simulacrum (Depths:3)
  5 raiju (Abyss:3)
  A harpy skeleton (Crypt:3)
  7 dream sheep
  8 snapping turtles
  A blink frog (Abyss:3)
  94 slime creatures
  17 flying skulls
  A jumping spider (Vaults:4)
  A centaur simulacrum (Crypt:2)
  2 spriggans (Depths:3)
  4 large abominations (Abyss:3)
  An air elemental (Elf:2)
  3 wraiths
  A guardian serpent skeleton (Crypt:3)
  2 ynoxinuls (Abyss:3)
  26 water elementals
  An ushabti (Tomb:1)
  7 fire elementals
  2 yaks
  A black mamba skeleton (Crypt:3)
  A human (shapeshifter) (D:14)
  3 neqoxecs
  9 starcursed masses (Abyss:3)
  A steam dragon (D:7)
  3 hogs (Shoals:1)
  A chaos spawn (Abyss:3)
  5 redbacks (Vaults:4)
  2 vampire mosquitoes (D:13)
  A faun zombie (Crypt:2)
  2 harpy simulacra
  A glowing shapeshifter zombie (Depths:3)
  A floating eye (Slime:4)
  2 hell hounds
  24 nagas
  8 orc warriors
  3 boggarts (Vaults:1)
  2 ogres
  A wolf (Lair:3)
  A phantom (D:5)
  4 kobold brigands (D:13)
  A necrophage (Crypt:2)
  2 scorpions (D:6)
  A glowing shapeshifter simulacrum (Depths:3)
  A water moccasin zombie (Crypt:2)
  5 earth elementals
  A salamander skeleton (Crypt:1)
  3 small abominations (Abyss:3)
  A shapeshifter zombie (Crypt:1)
  A yak zombie (Crypt:1)
  An electric eel (Elf:3)
  3 orc priests
  A black bear zombie (Crypt:1)
  An iguana (D:5)
  4 orc wizards
  A deep dwarf zombie (Crypt:2)
  An acid dragon skeleton (Crypt:2)
  A hound skeleton (Crypt:2)
  2 mummies
  A shadow imp (D:7)
  2 white imps (Abyss:3)
  An ufetubus (Abyss:3)
  14 orcs
  2 giant cockroaches
  A goblin (D:4)
  2 hobgoblins
  9 jackals
  An endoplasm zombie (Crypt:1)
  A giant cockroach zombie (Crypt:3)
  A gnoll skeleton (Crypt:3)
  A kobold skeleton (Crypt:3)
  A quokka skeleton (Crypt:3)
  A rat (D:3)
  3 lurking horrors
  A starspawn tentacle (Abyss:3)
1681 creatures vanquished.

Vanquished Creatures (collateral kills)
  A pandemonium lord (Zot:3)
  An ancient lich (Zot:5)
  Mara (Depths:1)
  A juggernaut (Abyss:3)
  Boris (Crypt:1)
  2 Killer Klowns (Zot:5)
  A curse toe (Zot:5)
  Nikola (Shoals:1)
  A golden dragon (Vaults:5)
  A tentacled monstrosity (Vaults:5)
  A lich (Zot:3)
  4 Orb Guardians (Zot:5)
  A deep elf blademaster (Elf:3)
  Polyphemus (Shoals:3)
  Donald (Shoals:1)
  An ancient champion (Crypt:3)
  2 tengu reavers
  A revenant (Abyss:3)
  A storm dragon (Vaults:5)
  A vault warden (Vaults:1)
  3 frost giants
  3 deep elf sorcerers
  2 draconian shifters
  A draconian scorcher (Zot:4)
  A draconian stormcaller (Zot:2)
  A ghoul (Crypt:2)
  A very ugly thing (Depths:1)
  An angel (Abyss:3)
  An ironbound preserver (Vaults:4)
  A deep elf elementalist (Elf:3)
  A war gargoyle (Vaults:5)
  6 stone giants
  2 green draconians
  2 yellow draconians
  2 black draconians
  A deep elf annihilator (Elf:3)
  7 purple draconians
  2 red draconians
  A fire dragon (Depths:2)
  A deep elf death mage (Crypt:3)
  A green death (Abyss:3)
  An ettin (Depths:1)
  A yaktaur captain (Vaults:5)
  2 peacekeepers
  2 vault guards
  4 hydras
  2 deep elf high priests
  3 ice dragons
  Harold (Lair:1)
  An ogre mage (Orc:2)
  A centaur warrior (D:13)
  2 anacondas (Snake:4)
  A catoblepas (Lair:5)
  5 two-headed ogres
  4 boulder beetles
  2 orc high priests (Orc:2)
  3 death yaks (Lair:5)
  3 naga warriors
  3 naga sharpshooters
  A vampire mage (Crypt:3)
  2 dancing weapons
  The ghost of Dega the Spry, a journeyman SpHu of Dithmenos (D:13)
  Urug (D:11)
  3 deep elf knights
  3 skeletal warriors
  A salamander mystic (Snake:3)
  An iron troll (Depths:3)
  3 skysharks
  2 cherubim
  2 flayed ghosts (Crypt:3)
  4 deep trolls
  2 sea snakes
  2 naga ritualists
  4 deep elf archers
  A lindwurm (Lair:5)
  The ghost of Blinkfrogs the Cleaver, a novice MiMo of the Shining One (D:6)
  A bog body (Crypt:2)
  A wizard (D:14)
  5 deep elf zephyrmancers
  5 orc knights
  4 ironbound convokers
  An iron dragon zombie (Depths:3)
  5 orc sorcerers
  5 mana vipers
  A necromancer (Depths:1)
  A stone giant zombie (D:15)
  7 deep elf pyromancers
  5 ugly things
  3 cyclopes
  A faun (Shoals:1)
  6 manticores
  3 salamanders
  10 elephants
  5 naga magi
  A fire giant skeleton (D:15)
  A vault sentinel (Vaults:5)
  A merfolk siren (Shoals:1)
  6 torpor snails (Lair:5)
  11 cane toads
  19 black mambas
  A smoke demon (Depths:3)
  2 gargoyles
  Maggie (D:8)
  A yaktaur (Vaults:5)
  7 komodo dragons
  8 kobold demonologists
  7 rime drakes
  4 trolls
  2 polar bears
  A golden dragon simulacrum (Depths:3)
  3 merfolk
  3 tyrant leeches (Lair:5)
  A queen bee (shapeshifter) (D:13)
  4 hornets (Lair:5)
  Prince Ribbit (D:8)
  12 blink frogs
  A blink frog (shapeshifter) (D:11)
  7 dream sheep (Lair:5)
  A snapping turtle (Shoals:3)
  8 slime creatures
  2 flying skulls (Tomb:1)
  2 shadows
  A centaur simulacrum (D:14)
  A water elemental (Shoals:4)
  39 yaks
  A hog (Shoals:1)
  2 wraiths
  4 wyverns
  4 basilisks
  Grum (D:8)
  4 vampire mosquitoes
  2 steam dragons
  A large abomination (Abyss:3)
  7 nagas
  2 hell hounds (Elf:1)
  4 wargs
  12 water moccasins
  2 ice beasts
  2 sky beasts
  26 orc warriors
  5 black bears
  11 wolves
  3 centaurs
  13 ogres
  11 kobold brigands
  A necrophage (D:4)
  9 bullfrogs
  4 scorpions
  4 wights
  5 killer bees (D:11)
  5 electric eels (Lair:1)
  7 howler monkeys
  3 lava snakes (Lair:2)
  4 jellies
  14 orc priests
  4 hounds
  2 gnoll boudas
  2 iguanas
  Ijyb (D:5)
  Natasha (thrice) (D:3)
  16 orc wizards
  16 gnolls
  6 adders
  5 white imps
  3 ufetubi
  3 worms
  2 dart slugs
  54 orcs
  3 ball pythons
  2 bats
  9 endoplasms
  4 giant cockroaches
  8 goblins
  9 hobgoblins
  9 jackals
  15 kobolds
  3 quokkas
  5 frilled lizards
  A goblin skeleton (Crypt:2)
  7 rats
734 creatures vanquished.

Vanquished Creatures (others)
  An orb of fire (Zot:5)
  An azure jelly (Zot:5)
  A draconian knight (Zot:4)
  A vault guard (Vaults:5)
  A hydra (Lair:3)
  An orc high priest (Orc:2)
  2 naga sharpshooters (Snake:2)
  A sea snake (shapeshifter) (Vaults:5)
  A deep troll (Depths:2)
  An orc knight (Orc:2)
  2 deep elf zephyrmancers
  A mana viper (shapeshifter) (Depths:4)
  A faun (shapeshifter) (Vaults:5)
  An elephant (Lair:2)
  2 merfolk sirens (Shoals:4)
  A manticore (shapeshifter) (Vaults:5)
  A moth of wrath (Zot:2)
  3 slime creatures (D:12)
  2 black mambas
  2 cane toads
  A kobold demonologist (D:6)
  3 hornets (Lair:5)
  A troll (D:9)
  A tyrant leech (Lair:5)
  A dream sheep (shapeshifter) (Vaults:5)
  A raiju (shapeshifter) (Vaults:5)
  A dream sheep (Shoals:1)
  Sigmund (D:3)
  2 yaks
  A human (Shoals:1)
  A golden eye (Abyss:3)
  A floating eye (Depths:3)
  A black bear (D:4)
  An orc warrior (Orc:2)
  A cane toad skeleton (Crypt:1)
  4 wolves
  An ogre (D:5)
  A bullfrog (D:8)
  A gnoll sergeant (D:9)
  An orc priest (D:5)
  Crazy Yiuf (D:3)
  127 jellies
  A bullfrog skeleton (Crypt:2)
  3 orc wizards
  Terence (D:3)
  An orc (Vaults:5)
  A hobgoblin skeleton (Crypt:2)
  A kobold skeleton (Crypt:2)
  71 fungi
  225 plants
  6 starspawn tentacles (Abyss:3)
  5 withered plants (D:15)
496 creatures vanquished.

Grand Total: 2911 creatures vanquished

Notes
Turn   | Place    | Note
-------+----------+-------------------------------------------
     0 | D:1      | Illumine the Felid Summoner began the quest for the Orb.
     0 | D:1      | Reached XP level 1. HP: 7/7 MP: 4/4
    12 | D:1      | Found a faded altar of an unknown god.
   211 | D:1      | Reached skill level 3 in Dodging
   211 | D:1      | Reached XP level 2. HP: 11/11 MP: 3/6
   248 | D:1      | Learned a level 2 spell: Call Imp
   455 | D:1      | Found Zaam's Antique Weapon Boutique.
   695 | D:1      | Found Yheots's Magic Scroll Shop.
  1008 | D:2      | Reached XP level 3. HP: 14/14 MP: 3/7
  1014 | D:2      | Learned a level 3 spell: Call Canine Familiar
  1345 | D:1      | Bought a scroll of identify for 26 gold pieces
  1442 | D:2      | Reached XP level 4. HP: 18/18 MP: 4/9
  2059 | D:2      | Learned a level 3 spell: Summon Guardian Golem
  2161 | D:2      | Reached skill level 5 in Summonings
  2714 | D:3      | Reached skill level 1 in Hexes
  2783 | D:3      | Noticed Terence
  2796 | D:3      | Killed Terence
  2797 | D:3      | Reached XP level 5. HP: 21/21 MP: 6/11
  2806 | D:3      | Noticed Sigmund
  2820 | D:3      | Killed Sigmund
  2821 | D:3      | Gained mutation: You are covered in thick fur. (AC +2)
                  | [Felid growth]
  2821 | D:3      | Reached XP level 6. HP: 24/24 MP: 4/13
  2895 | D:3      | Learned a level 4 spell: Summon Lightning Spire
  3378 | D:3      | Found Xetew's Weapon Emporium.
  3552 | D:3      | Found a runed translucent door.
  3553 | D:3      | Noticed Crazy Yiuf
  3642 | D:3      | Noticed Natasha
  3650 | D:3      | Killed Natasha
  3800 | D:3      | Killed Crazy Yiuf
  4030 | D:3      | Noticed Natasha
  4044 | D:3      | Killed Natasha
  4233 | D:3      | Noticed Natasha
  4250 | D:3      | Killed Natasha
  4628 | D:3      | Found Xetew's Weapon Emporium.
  5316 | D:4      | Reached skill level 1 in Fighting
  5316 | D:4      | Reached XP level 7. HP: 28/28 MP: 11/14
  5356 | D:4      | Reached skill level 1 in Air Magic
  5927 | D:4      | Reached skill level 4 in Dodging
  6733 | D:5      | Entered Level 5 of the Dungeon
  6909 | D:5      | Found Duptue Gurou's General Store.
  6912 | D:5      | Bought a potion of curing for 33 gold pieces
  7035 | D:5      | Reached XP level 8. HP: 4/33 MP: 12/16
  7183 | D:5      | Reached skill level 5 in Spellcasting
  7350 | D:5      | Found Talizonarus's Assorted Antiques.
  7386 | D:5      | Bought a dented steel amulet for 135 gold pieces
  7447 | D:5      | Noticed Ijyb
  7490 | D:5      | Killed Ijyb
  8001 | D:5      | Reached skill level 5 in Dodging
  8131 | D:6      | Found a staircase to the Ecumenical Temple.
  8153 | Temple   | Entered the Ecumenical Temple
  8153 | Temple   | Found a transporter.
  8153 | Temple   | Found a transporter.
  8155 | Temple   | Found a transporter.
  8155 | Temple   | Found a transporter.
  8605 | D:6      | Noticed a kobold demonologist
  8612 | D:6      | Noticed a kobold demonologist
  8728 | D:6      | Noticed Blinkfrogs's ghost (novice MiMo)
  8732 | D:6      | Found a runed translucent gate.
  8732 | D:6      | Found a runed translucent gate.
  8734 | D:6      | Noticed a two-headed ogre
  8735 | D:6      | Noticed a boulder beetle
  8816 | D:6      | Found a runed translucent gate.
  9082 | D:6      | Noticed an ice devil
  9083 | D:6      | Noticed an ice devil
  9088 | D:6      | Killed a kobold demonologist
  9089 | D:6      | Reached XP level 9. HP: 29/39 MP: 6/18
  9093 | D:6      | Noticed a sun demon
  9096 | D:6      | Killed a kobold demonologist
  9097 | D:6      | Reached skill level 6 in Dodging
  9097 | D:6      | Reached skill level 5 in Air Magic
  9132 | Temple   | Became a worshipper of Gozag Ym Sagoz the Greedy
  9431 | D:7      | Learned a level 5 spell: Summon Mana Viper
 10503 | D:7      | Found Tylau's Antique Armour Shoppe.
 10888 | D:7      | Found a stormy altar of Qazlal.
 10888 | D:7      | Found an iron altar of Okawaru.
 11083 | D:7      | Found a glowing golden altar of the Shining One.
 11145 | D:8      | Reached skill level 5 in Hexes
 11308 | D:8      | Noticed Prince Ribbit
 11317 | D:8      | Killed Prince Ribbit
 11318 | D:8      | Reached skill level 7 in Dodging
 11520 | D:8      | Found a burning altar of Makhleb.
 11704 | D:8      | Noticed Maggie
 11727 | D:8      | Killed Maggie
 11734 | D:8      | Reached skill level 5 in Fighting
 11734 | D:8      | Reached XP level 10. HP: 34/44 MP: 5/20
 12153 | D:8      | Noticed Grum
 12162 | D:8      | Killed Grum
 13034 | D:9      | Noticed a two-headed ogre
 13042 | D:9      | Killed a two-headed ogre
 13118 | D:9      | Noticed a two-headed ogre
 13137 | D:9      | Killed a two-headed ogre
 13138 | D:9      | Reached skill level 8 in Dodging
 14054 | D:10     | Entered Level 10 of the Dungeon
 14480 | D:10     | Reached XP level 11. HP: 40/49 MP: 15/22
 14584 | D:10     | Found a radiant altar of Vehumet.
 14799 | D:10     | Found Beduj's Overcharged Wands.
 14818 | D:11     | Noticed a two-headed ogre
 14829 | D:11     | Killed a two-headed ogre
 14830 | D:11     | Reached skill level 9 in Dodging
 14872 | D:11     | Noticed a boulder beetle
 14886 | D:11     | Killed a boulder beetle
 14888 | D:11     | Noticed Urug
 14896 | D:11     | Found a staircase to the Orcish Mines.
 14941 | D:11     | Learned a level 7 spell: Storm Form
 15123 | D:11     | Reached skill level 1 in Transmutations
 15299 | D:11     | Reached skill level 10 in Hexes
 15471 | D:11     | Found a staircase to the Lair.
 15497 | D:11     | Killed Urug
 15502 | D:11     | Noticed a brown ugly thing
 15509 | D:11     | Killed a brown ugly thing
 15510 | D:11     | Reached skill level 10 in Dodging
 15672 | D:11     | Noticed a tengu reaver
 15684 | D:11     | Killed a tengu reaver
 15977 | D:11     | Found a glowing silver altar of Zin.
 16041 | D:11     | Noticed a frost giant
 16078 | Lair:1   | Entered Level 1 of the Lair of Beasts
 16118 | Lair:1   | Gained mutation: Your thick and shaggy fur keeps you warm.
                  | (AC +3, rC+) [Felid growth]
 16118 | Lair:1   | Reached XP level 12. HP: 17/55 MP: 19/25
 16761 | Lair:1   | Noticed Harold
 16786 | Lair:1   | Killed Harold
 17159 | Lair:1   | Bought the amulet "Gesouz" {Reflect SH+5 Stlth+} for 597
                  | gold pieces
 17763 | Lair:2   | Reached skill level 11 in Dodging
 17988 | Lair:2   | Reached skill level 5 in Transmutations
 17995 | Lair:2   | Reached skill level 10 in Summonings
 18173 | Lair:2   | Found a staircase to the Snake Pit.
 18377 | Lair:1   | Bought the ring of the Mage {Wiz Archmagi} for 765 gold
                  | pieces
 18377 | Lair:1   | Found the ring of the Mage {Wiz Archmagi}
 18387 | Lair:2   | Found a staircase to the Shoals.
 19366 | Lair:3   | Reached skill level 12 in Dodging
 19422 | Lair:3   | Noticed a four-headed hydra
 19433 | Lair:3   | Killed a four-headed hydra
 19663 | Lair:3   | Reached XP level 13. HP: 20/60 MP: 14/26
 20163 | Lair:3   | Identified the +12 quarterstaff of Mastery {venom, rF+}
 20785 | Lair:4   | Found the +3 warlock's mirror {omnireflect}
 20929 | Lair:4   | Reached skill level 10 in Fighting
 21609 | Lair:5   | Entered Level 5 of the Lair of Beasts
 21825 | Lair:5   | Reached skill level 10 in Air Magic
 21889 | Lair:5   | Identified the +0 glaive of Inflation {freeze, Dex+3}
 21890 | Lair:5   | Identified the +10 lajatang "Tepn" {holy, rC++}
 22291 | Lair:5   | Reached XP level 14. HP: 67/67 MP: 25/27
 22439 | Lair:5   | Found a runed translucent door.
 22464 | Lair:5   | Reached skill level 10 in Transmutations
 23143 | Lair:5   | Found a staircase to the Slime Pits.
 23516 | Orc:1    | Entered Level 1 of the Orcish Mines
 24094 | Orc:2    | Entered Level 2 of the Orcish Mines
 24263 | Orc:2    | Found a staircase to the Elven Halls.
 24941 | Orc:2    | Found a transporter.
 25098 | Orc:2    | Found a transporter.
 25186 | Orc:2    | Noticed heathens's ghost (journeyman MiBe)
 26205 | Orc:2    | Found Woisog's General Store.
 26205 | Orc:2    | Found Hyimigagg's Assorted Antiques.
 26207 | Orc:2    | Found Qaheehen's Distillery.
 26207 | Orc:2    | Found Huqeibb's General Store.
 26213 | Orc:2    | Bought a potion of cancellation for 104 gold pieces
 26213 | Orc:2    | Bought a scroll of identify for 26 gold pieces
 26213 | Orc:2    | Bought a scroll of torment for 123 gold pieces
 26213 | Orc:2    | Bought a scroll of poison for 52 gold pieces
 26218 | Orc:2    | Bought a potion of brilliance for 64 gold pieces
 26222 | Orc:2    | Bought a scroll of identify for 70 gold pieces
 26222 | Orc:2    | Bought a scroll labelled TAITUX GAOCWOD for 35 gold pieces
 26280 | Orc:2    | Found a bloodstained altar of Trog.
 26636 | Lair:1   | Bought a ring of magical power for 340 gold pieces
 26687 | D:11     | Learned a level 4 spell: Manifold Assault
 27971 | D:13     | Found Lamua's Armour Boutique.
 27996 | D:13     | Found Woeniycw's Island Escapes.
 28063 | D:13     | Found a gate leading to a gauntlet.
 28072 | Gauntlet | Entered a Gauntlet
 28072 | Gauntlet | Found a transporter.
 28072 | Gauntlet | Found a runed translucent door.
 28072 | Gauntlet | Found a runed translucent door.
 28075 | Gauntlet | Found a transporter.
 28077 | Gauntlet | Found a transporter.
 28095 | Gauntlet | Found a transporter.
 28096 | Gauntlet | Found a transporter.
 28107 | Gauntlet | Found a transporter.
 28122 | Gauntlet | Found a transporter.
 28132 | Gauntlet | Found a transporter.
 28134 | Gauntlet | Found the ring of the Tortoise {AC+8}
 28142 | Gauntlet | Found a transporter.
 28159 | Gauntlet | Found a transporter.
 28165 | Gauntlet | Found a transporter.
 28169 | Gauntlet | Found a transporter.
 28208 | Gauntlet | Found a transporter.
 28358 | Gauntlet | Reached XP level 15. HP: 72/73 MP: 28/28
 28363 | Gauntlet | Identified the ring "Ephe" {rPois rCorr Str-4 Int-5 Stlth+}
 28393 | Gauntlet | Identified the ring of Cel Bipn {rElec rPois rF++ rC-
                  | Int+6}
 28403 | Gauntlet | HP: 3/73 [minotaur/staff of fire (5)]
 28407 | Gauntlet | Reached skill level 1 in Translocations
 28648 | Gauntlet | Identified the +5 great sword of Ritsoecs {vamp, Dex+2}
 29135 | D:13     | Found a gate to the Vaults.
 29273 | D:13     | Found a runed translucent gate.
 29273 | D:13     | Found a runed translucent gate.
 29275 | D:13     | Found a runed translucent gate.
 29276 | D:13     | Noticed Dega's ghost (journeyman SpHu)
 29427 | D:6      | Reached skill level 1 in Unarmed Combat
 29435 | D:6      | Killed Blinkfrogs's ghost
 29654 | D:13     | Killed Dega's ghost
 30121 | D:14     | Found a transporter.
 30173 | D:14     | You fall into a shaft and drop 1 floor!
 30173 | D:15     | Entered Level 15 of the Dungeon
 30275 | D:14     | Noticed Louise
 30539 | D:14     | Killed Louise
 30849 | D:15     | Found a runed translucent gate.
 30849 | D:15     | Found a runed translucent gate.
 30849 | D:15     | Found a runed translucent gate.
 31079 | D:15     | Found a staircase to the Depths.
 31314 | D:15     | Reached skill level 5 in Translocations
 31633 | D:15     | Noticed Illumine's ghost (journeyman VSSu)
 31648 | D:15     | Killed Illumine's ghost
 31798 | Snake:1  | Entered Level 1 of the Snake Pit
 32001 | Snake:1  | Found a transporter.
 32223 | Snake:1  | Noticed RazingBull's ghost (adept MiFi)
 32234 | Snake:1  | Found a transporter.
 32877 | Snake:2  | Noticed Aizul
 32883 | Snake:1  | Reached skill level 5 in Unarmed Combat
 32938 | Snake:2  | Found Buvo's Jewellery Shoppe.
 32968 | Snake:2  | Found Hulirur's Jewellery Emporium.
 32978 | Snake:2  | Found Zafuziuts's Antique Armour Shoppe.
 33021 | Snake:2  | Reached XP level 16. HP: 78/78 MP: 22/29
 33107 | Snake:2  | Noticed Vashnia
 33891 | Orc:2    | Killed heathens's ghost
 34220 | Shoals:1 | Entered Level 1 of the Shoals
 34220 | Shoals:1 | Identified Roxanne's Grimoire of Forms
 34220 | Shoals:1 | Noticed Roxanne
 34237 | Shoals:1 | Noticed Nikola
 34239 | Shoals:1 | Killed Roxanne
 34244 | Shoals:1 | Slain by an alligator snapping turtle
 34245 | Shoals:1 | Reached XP level 15. HP: -4/74 MP: 25/28
 34386 | Shoals:1 | Noticed Donald
 34391 | Shoals:1 | Killed Nikola
 34401 | Shoals:1 | Killed Donald
 34460 | Lair:1   | Bought a tubular agate ring for 190 gold pieces
 34467 | Lair:1   | Learned a level 2 spell: Wereblood
 34559 | Snake:1  | Killed Aizul
 34970 | Snake:2  | Killed Vashnia
 34971 | Snake:2  | Reached skill level 13 in Dodging
 35420 | Snake:2  | Identified the +1 great mace of Exchange {flame, rElec
                  | Int+6}
 35630 | Snake:3  | Found a flickering gateway to a bazaar.
 35638 | Snake:3  | Engulfed by a cloud of freezing vapour
 35639 | Snake:3  | Reached XP level 14. HP: -19/71 MP: 26/27
 35667 | Snake:3  | Noticed a nagaraja
 35673 | Snake:3  | Killed a nagaraja
 35689 | Bazaar   | Entered a bazaar
 35689 | Bazaar   | Found Ciunipi's Antique Weapon Shoppe.
 35691 | Bazaar   | Found Gewocevep's Assorted Antiques.
 35710 | Bazaar   | Found Umnegg's Antique Armour Shoppe.
 35713 | Bazaar   | Found Fytuhal's Armour Boutique.
 35755 | Bazaar   | Found Qeracrir's Book Boutique.
 35763 | Bazaar   | Bought Qeod's Folio of Rallying for 442 gold pieces
 35763 | Bazaar   | Bought a book of Death for 572 gold pieces
 36081 | Snake:3  | Reached XP level 15. HP: 67/75 MP: 25/28
 36378 | Snake:3  | Reached skill level 15 in Transmutations
 36526 | Snake:3  | Noticed a nagaraja
 36539 | Snake:3  | Killed a nagaraja
 36780 | Snake:4  | Entered Level 4 of the Snake Pit
 36934 | Snake:4  | Noticed a nagaraja
 36934 | Snake:4  | Noticed a nagaraja
 37346 | Snake:4  | Reached skill level 10 in Translocations
 37364 | Snake:4  | Noticed Mlioglotl
 37380 | Snake:4  | Killed Mlioglotl
 37403 | Snake:4  | Killed a nagaraja
 37617 | Snake:4  | Noticed a nagaraja
 37623 | Snake:4  | Killed a nagaraja
 37624 | Snake:4  | Reached skill level 14 in Dodging
 37790 | Snake:4  | Killed a nagaraja
 37824 | Snake:4  | Noticed a nagaraja
 37833 | Snake:4  | Killed a nagaraja
 37834 | Snake:4  | Reached XP level 16. HP: 52/79 MP: 9/29
 38233 | Snake:4  | Got a serpentine rune of Zot
 38750 | Shoals:1 | Noticed Kirke
 38767 | Shoals:1 | Killed Kirke
 39259 | Shoals:2 | Found Ged Unuq's General Store.
 39271 | Shoals:2 | Found Memuotoi's Specific Store.
 39275 | Shoals:2 | Bought a scroll of amnesia for 64 gold pieces
 39507 | Shoals:2 | You are sucked into a shaft and drop 1 floor!
 39507 | Shoals:3 | Identified a scroll of acquirement
 39544 | Shoals:3 | Noticed Ilsuiw
 39548 | Shoals:2 | Found an ornate altar of the Wu Jian Council.
 39630 | Shoals:3 | Noticed Polyphemus
 39643 | Shoals:3 | Killed Polyphemus
 40215 | Shoals:3 | Identified the +0 trident of the Valley of Death {drain,
                  | rN+}
 40241 | Shoals:3 | Reached skill level 15 in Air Magic
 40580 | Shoals:4 | Entered Level 4 of the Shoals
 40594 | Shoals:4 | Reached skill level 15 in Dodging
 40598 | Shoals:4 | Reached XP level 17. HP: 78/84 MP: 8/30
 40607 | Shoals:4 | Killed from afar by a wind drake
 40608 | Shoals:4 | Reached XP level 16. HP: -9/80 MP: 10/29
 40671 | Shoals:4 | HP: 3/80 [satyr/arrow (11)]
 40747 | Shoals:4 | Noticed a sphinx
 40780 | Shoals:4 | Noticed a sphinx
 40837 | Shoals:4 | Killed a sphinx
 41039 | Shoals:4 | Acquired a +6 ring of intelligence
 41046 | Shoals:4 | Reached skill level 15 in Fighting
 41324 | Shoals:4 | Identified the amulet of Vaeg {Reflect rN+ rCorr Int+3
                  | Dex+3 SH+5}
 41430 | Shoals:4 | Got a barnacled rune of Zot
 41514 | Shoals:4 | Killed a sphinx
 41573 | Shoals:4 | Found the +16 obsidian axe {drain, demonic, Mesm Drain Fly
                  | SInv}
 41851 | Elf:1    | Entered Level 1 of the Elven Halls
 42608 | Elf:1    | Reached skill level 15 in Translocations
 43000 | Elf:1    | Noticed Jorgrun
 43011 | Elf:1    | Killed Jorgrun
 43253 | Elf:1    | Reached skill level 16 in Dodging
 43257 | Elf:1    | Noticed Azrael
 43269 | Elf:1    | Killed Azrael
 43543 | Elf:2    | Reached XP level 17. HP: 85/85 MP: 18/30
 43944 | Elf:2    | Noticed Agnes
 43960 | Elf:1    | Killed Agnes
 43961 | Elf:1    | Reached skill level 10 in Unarmed Combat
 44495 | Elf:2    | Found a huge runed translucent gate.
 44495 | Elf:2    | Found a huge runed translucent gate.
 44495 | Elf:2    | Found a huge runed translucent gate.
 44497 | Elf:2    | Found a huge runed translucent gate.
 44544 | Elf:2    | Found a huge runed translucent gate.
 44850 | Elf:2    | Found Issu Varu's Jewellery Emporium.
 44852 | Elf:2    | Found Purphesho's Book Boutique.
 44855 | Elf:2    | Found Lah Nyag's Jewellery Emporium.
 45323 | Elf:3    | Entered Level 3 of the Elven Halls
 45591 | Elf:3    | Found Qypy's Jewellery Boutique.
 46481 | Elf:3    | Identified the -1 pair of gloves of the Worm {rPois rN+}
 46537 | Elf:3    | Noticed a deep elf blademaster
 46670 | Elf:3    | Killed a deep elf blademaster
 46671 | Elf:3    | Reached skill level 17 in Dodging
 47176 | Elf:3    | Noticed a deep elf master archer
 47177 | Elf:3    | Identified the +5 mace of Sloth {venom, rF+}
 47178 | Elf:3    | Noticed a deep elf master archer
 47188 | Elf:3    | Killed a deep elf master archer
 47190 | Elf:3    | Killed a deep elf master archer
 47323 | Elf:3    | Identified the +7 war axe "Menoma" {heavy, *Noise Str+3
                  | Int+4}
 47395 | Elf:3    | Identified the amulet "Humese" {Reflect Rampage Fragile
                  | Str+8 Dex+4 SH+5}
 47395 | Elf:3    | Noticed a deep elf blademaster
 47403 | Elf:3    | Killed a deep elf blademaster
 47556 | Elf:3    | Identified the +6 dagger of Saltpetre {venom, Str+5 Int+4}
 47561 | Elf:3    | Identified the amulet of Huigeoq {Reflect Drain rN+ MP+9
                  | SH+5}
 47737 | Elf:3    | Identified the +1 robe "Hocear" {*Corrode rPois Slay+4}
 47897 | Elf:3    | Identified the +6 glaive of the Eight Cities {drain, Dex+2}
 47905 | Elf:3    | Reached XP level 18. HP: 90/90 MP: 23/32
 47952 | Elf:3    | Found the +10 tower shield of Ignorance {rN+ Int-4}
 47995 | Elf:3    | Identified the -1 pair of boots "Buurax" {Harm +Inv rPois
                  | rC+}
 48013 | Elf:3    | Identified the +0 falchion "Pudedwu" {freeze, rN++ Int-2
                  | Dex+3}
 48575 | Vaults:1 | Entered Level 1 of the Vaults
 48671 | Vaults:1 | Reached skill level 1 in Evocations
 48681 | Vaults:1 | Noticed a lich
 48682 | Vaults:1 | Killed from afar by a lich
 48683 | Vaults:1 | Reached XP level 17. HP: -45/86 MP: 14/31
 49045 | Vaults:1 | Killed a lich
 49702 | Vaults:1 | Found Wuyxtate's Armour Boutique.
 51212 | Vaults:2 | Reached skill level 18 in Dodging
 51226 | Vaults:2 | Reached skill level 10 in Spellcasting
 51544 | Vaults:2 | Reached XP level 18. HP: 83/91 MP: 33/33
 51887 | Vaults:2 | Found a staircase to the Crypt.
 52892 | Vaults:3 | Reached skill level 5 in Evocations
 54056 | Vaults:3 | Found Losom's Armour Shoppe.
 54503 | Vaults:3 | Learned a level 7 spell: Summon Hydra
 55919 | Vaults:4 | Noticed Jory
 55951 | Vaults:4 | Reached XP level 19. HP: 85/96 MP: 8/34
 55960 | Vaults:4 | Killed Jory
 56208 | Vaults:4 | Reached skill level 19 in Dodging
 56318 | Vaults:4 | Found Itiethrue's Assorted Antiques.
 56341 | Vaults:4 | Bought 3 scrolls of teleportation for 144 gold pieces
 56946 | Depths:1 | Entered Level 1 of the Depths
 57134 | Slime:1  | Entered Level 1 of the Pits of Slime
 58001 | Slime:3  | Gained mutation: You are vulnerable to cold. (rC-) [a
                  | shining eye]
 58359 | Slime:5  | Entered Level 5 of the Pits of Slime
 59182 | Slime:5  | Noticed the Royal Jelly
 59194 | Slime:4  | Learned a level 4 spell: Passage of Golubria
 59225 | Slime:5  | Paralysed by a floating eye for 4 turns
 59227 | Slime:5  | Gained mutation: You are frail. (-10% HP) [a shining eye]
 59229 | Slime:5  | Gained mutation: You are weak. (Str -2) [a shining eye]
 59230 | Slime:5  | Gained mutation: You sometimes lose your temper in combat.
                  | [a shining eye]
 59230 | Slime:5  | Gained mutation: You occasionally shout uncontrollably at
                  | your foes. [a shining eye]
 59235 | Slime:4  | Gained mutation: Your body sometimes deteriorates upon
                  | taking damage. [a shining eye]
 59371 | Slime:5  | Lost mutation: You are vulnerable to cold. (rC-) [a shining
                  | eye]
 59651 | Slime:5  | Found a viscous altar of Jiyva.
 59659 | Slime:5  | Fell from the grace of Gozag
 59659 | Slime:5  | Became a worshipper of Jiyva Jiurourr the Shapeless
 59940 | Crypt:1  | Entered Level 1 of the Crypt
 60169 | Crypt:1  | Mangled by a skeletal warrior
 60170 | Crypt:1  | Reached XP level 18. HP: -11/83 MP: 24/33
 60296 | Crypt:1  | Reached XP level 19. HP: 32/87 MP: 29/34
 60420 | Crypt:1  | Lost mutation: You sometimes lose your temper in combat.
                  | [potion of mutation]
 60420 | Crypt:1  | Lost mutation: Your body sometimes deteriorates upon taking
                  | damage. [potion of mutation]
 60420 | Crypt:1  | Lost mutation: You are frail. (-10% HP) [potion of
                  | mutation]
 60420 | Crypt:1  | Gained mutation: You sometimes lose your temper in combat.
                  | [potion of mutation]
 60420 | Crypt:1  | Gained mutation: You are partially covered in iridescent
                  | scales. (AC +2) [potion of mutation]
 60420 | Crypt:1  | Gained mutation: You are mostly covered in iridescent
                  | scales. (AC +4) [potion of mutation]
 60700 | Crypt:1  | Reached * piety under Jiyva
 60728 | Crypt:1  | Lost mutation: You are weak. (Str -2) [potion of mutation]
 60728 | Crypt:1  | Lost mutation: You occasionally shout uncontrollably at
                  | your foes. [potion of mutation]
 60728 | Crypt:1  | Lost mutation: You sometimes lose your temper in combat.
                  | [potion of mutation]
 60728 | Crypt:1  | Gained mutation: Your flesh is heat resistant. (rF+)
                  | [potion of mutation]
 60728 | Crypt:1  | Gained mutation: Potions are less effective at restoring
                  | your health. [potion of mutation]
 60728 | Crypt:1  | Gained mutation: You are agile. (Dex +4, Str/Int -1)
                  | [potion of mutation]
 61272 | Crypt:1  | Noticed Boris
 61280 | Crypt:1  | Killed Boris
 61460 | Crypt:2  | Noticed Bai Suzhen
 61460 | Crypt:2  | Reached ** piety under Jiyva
 61472 | Crypt:2  | Killed Bai Suzhen
 62147 | Crypt:2  | Reached *** piety under Jiyva
 62169 | Crypt:2  | Lost mutation: You are mostly covered in iridescent scales.
                  | (AC +4) [Jiyva's grace]
 62169 | Crypt:2  | Gained mutation: You expend magic power (3 MP) to
                  | strengthen your wands. [Jiyva's grace]
 62169 | Crypt:2  | Gained mutation: Armour fits poorly on your pseudopods.
                  | [Jiyva's grace]
 62169 | Crypt:2  | Gained mutation: Armour fits poorly on your large
                  | pseudopods. [Jiyva's grace]
 62169 | Crypt:2  | Gained mutation: Armour fits poorly on your massive
                  | pseudopods. [Jiyva's grace]
 62279 | Crypt:3  | Entered Level 3 of the Crypt
 62458 | Crypt:3  | Reached skill level 20 in Dodging
 62717 | Crypt:3  | Noticed a curse toe
 62725 | Crypt:3  | Noticed a curse toe
 62807 | Crypt:3  | Killed a curse toe
 62817 | Crypt:3  | Killed a curse toe
 63004 | Crypt:3  | Found a staircase to the Tomb.
 63394 | Crypt:3  | Reached **** piety under Jiyva
 63530 | Crypt:3  | Reached XP level 20. HP: 83/100 MP: 30/35
 63647 | Crypt:3  | Noticed a dread lich
 63808 | Crypt:3  | Killed a dread lich
 63847 | Crypt:3  | Noticed an ancient lich
 63847 | Crypt:3  | Noticed an ancient lich
 63851 | Crypt:3  | Killed an ancient lich
 63884 | Crypt:3  | Killed an ancient lich
 63887 | Crypt:3  | Identified the +8 spear "Joni" {holy, Str+6 Dex+2}
 63888 | Crypt:3  | Identified the +0 pearl dragon scales "Ruacsy Jereff" {+Inv
                  | rN+ MP+9 Slay+3}
 63889 | Crypt:3  | Identified the ring "Sashimax" {Ice rPois}
 63999 | Tomb:1   | Entered Level 1 of the Tomb of the Ancients
 64316 | Tomb:1   | Learned a level 7 spell: Monstrous Menagerie
 64845 | Depths:1 | Found a portal to a secret trove of treasure.
 64869 | Depths:1 | Reached skill level 15 in Unarmed Combat
 64910 | Depths:1 | Found a one-way gate to the infinite horrors of the Abyss.
 64939 | Depths:1 | Lost mutation: You are partially covered in iridescent
                  | scales. (AC +2) [Jiyva's grace]
 64939 | Depths:1 | Lost mutation: You are agile. (Dex +4, Str/Int -1) [Jiyva's
                  | grace]
 64939 | Depths:1 | Lost mutation: Potions are less effective at restoring your
                  | health. [Jiyva's grace]
 64939 | Depths:1 | Lost mutation: You expend magic power (3 MP) to strengthen
                  | your wands. [Jiyva's grace]
 64939 | Depths:1 | Gained mutation: You have a small jelly attached to you
                  | that may absorb projectiles. [Jiyva's grace]
 64939 | Depths:1 | Gained mutation: You have a small jelly attached to you
                  | that senses nearby items. [Jiyva's grace]
 64939 | Depths:1 | Gained mutation: You passively map a small area around you.
                  | [Jiyva's grace]
 64939 | Depths:1 | Gained mutation: You passively map the area around you.
                  | [Jiyva's grace]
 64967 | Depths:1 | Noticed Asterion
 64976 | Depths:1 | Killed Asterion
 65044 | Depths:1 | Reached ***** piety under Jiyva
 65050 | Depths:1 | Noticed Mara
 65058 | Depths:1 | Killed Mara
 65138 | Depths:1 | Found a gateway to Hell.
 65175 | Depths:1 | Was forgiven by Gozag
 65889 | Depths:1 | Reached skill level 21 in Dodging
 66134 | Depths:1 | Reached XP level 21. HP: 106/106 MP: 25/37
 66308 | Depths:2 | Found the +7 great mace "Firestarter" {flame, inner flame,
                  | rFlCloud rF++}
 66714 | Depths:2 | Found a one-way gate leading to the halls of Pandemonium.
 67130 | Depths:3 | Found a glowing golden altar of the Shining One.
 67135 | Depths:3 | Noticed an ancient lich
 67242 | Depths:3 | Killed an ancient lich
 67371 | Depths:3 | Reached ****** piety under Jiyva
 67380 | Depths:3 | Noticed the Enchantress
 67407 | Depths:3 | Killed the Enchantress
 67715 | Slime:5  | Identified the ring of Suujot {Ice rElec}
 67723 | Slime:5  | Got the Compilation of Inhalation
 67728 | Slime:5  | Acquired a book of Lightning
 67730 | Slime:5  | Identified the ring of the King {Fly rElec rN+ Stlth+}
 67771 | Slime:5  | Got a slimy rune of Zot
 67790 | Slime:5  | Identified the +6 broad axe "Raic" {drain, Fly rC+ Will+
                  | Str-3}
 67794 | Slime:5  | Identified the +5 dagger of the Lair of Beasts {elec, Will-
                  | Str+5 Int+4}
 68078 | Depths:3 | Noticed Saint Roka
 68089 | Depths:3 | Killed Saint Roka
 68172 | Depths:3 | Found a one-way gateway to a ziggurat.
 68256 | Depths:3 | Lost mutation: Armour fits poorly on your massive
                  | pseudopods. [Jiyva's grace]
 68256 | Depths:3 | Lost mutation: You have a small jelly attached to you that
                  | senses nearby items. [Jiyva's grace]
 68256 | Depths:3 | Gained mutation: You have a pair of small antennae on your
                  | head. [Jiyva's grace]
 68256 | Depths:3 | Gained mutation: You have a pair of antennae on your head.
                  | [Jiyva's grace]
 68256 | Depths:3 | Gained mutation: You have a pair of large antennae on your
                  | head. (SInv) [Jiyva's grace]
 68256 | Depths:3 | Gained mutation: Your translucent skin slightly reduces
                  | your foes' accuracy. (Stealth+) [Jiyva's grace]
 68532 | Depths:3 | Identified the +3 morningstar "Qaliolan" {freeze, rElec
                  | SInv}
 68719 | Depths:4 | Entered Level 4 of the Depths
 68782 | Depths:4 | Reached skill level 15 in Summonings
 68904 | Depths:4 | Found a gate to the Realm of Zot.
 68913 | Depths:4 | Noticed a golden dragon
 68938 | Depths:4 | Killed a golden dragon
 68946 | Depths:4 | Reached XP level 22. HP: 112/112 MP: 31/39
 69131 | Depths:4 | Noticed a golden dragon
 69143 | Depths:4 | Killed a golden dragon
 69464 | Depths:3 | Voluntarily entered the Abyss.
 69513 | Abyss:1  | Found a corrupted altar of Lugonu.
 69513 | Abyss:1  | Found a corrupted altar of Lugonu.
 69513 | Abyss:1  | Found a corrupted altar of Lugonu.
 69618 | Abyss:3  | Noticed an ancient lich
 69625 | Abyss:3  | Killed an ancient lich
 69739 | Abyss:3  | Found a burning altar of Makhleb.
 69851 | Abyss:3  | Lost mutation: You have a pair of large antennae on your
                  | head. (SInv) [Jiyva's grace]
 69851 | Abyss:3  | Lost mutation: Your flesh is heat resistant. (rF+) [Jiyva's
                  | grace]
 69851 | Abyss:3  | Gained mutation: You have a small jelly attached to you
                  | that senses nearby items. [Jiyva's grace]
 69851 | Abyss:3  | Gained mutation: You passively map a large area around you.
                  | [Jiyva's grace]
 69851 | Abyss:3  | Gained mutation: Your rubbery body absorbs attacks. (AC +1,
                  | EV +1) [Jiyva's grace]
 69851 | Abyss:3  | Gained mutation: Your pliable body absorbs attacks. (AC +2,
                  | EV +2) [Jiyva's grace]
 69930 | Abyss:3  | Found a glowing golden altar of the Shining One.
 69959 | Abyss:3  | Found a glowing golden altar of the Shining One.
 69961 | Abyss:3  | Noticed a juggernaut
 69968 | Abyss:3  | Killed a juggernaut
 69972 | Abyss:3  | Got an abyssal rune of Zot
 70099 | Depths:3 | Escaped the Abyss
 70197 | Depths:1 | You showed the abyssal rune of Zot to enter a treasure
                  | trove
 70198 | Trove    | Entered a treasure trove
 70479 | Vaults:5 | Entered Level 5 of the Vaults
 70515 | Vaults:5 | Noticed a golden dragon
 70521 | Vaults:5 | Killed a golden dragon
 70588 | Vaults:5 | Identified the +3 war axe "Mer Juwn" {flame, Str+3 Int+3}
 70592 | Vaults:5 | Found the +7 Spriggan's Knife {stab, EV+4 Stlth+}
 70599 | Vaults:5 | Identified the +1 shortbow of the Horn {speed, Fragile
                  | rPois rC+ Str+3}
 70630 | Vaults:5 | Identified the +3 battleaxe of Past Mistakes {pain, rPois}
 70714 | Vaults:5 | Identified the ring of Issiog {Will+ MP+9 Str+5 Stlth-}
 70799 | Vaults:5 | Identified the +9 great sword of Resourcefulness {venom,
                  | rElec Str+3}
 71053 | Vaults:5 | Reached XP level 23. HP: 57/117 MP: 33/41
 71121 | Vaults:5 | Identified the +2 leather armour of Xonuheit {Rampage *Slow
                  | Str+2}
 71273 | Vaults:5 | Identified the +2 scale mail of Tomorrow {rF+ Str+4}
 71411 | Vaults:5 | Got a silver rune of Zot
 71651 | Vaults:5 | Noticed a dread lich
 71663 | Vaults:5 | Killed a dread lich
 71957 | Vaults:5 | Learned a level 7 spell: Haunt
 72210 | Zot:1    | Entered Level 1 of the Realm of Zot
 72247 | Zot:1    | Reached skill level 1 in Necromancy
 72315 | Zot:1    | Noticed a curse toe
 72324 | Zot:1    | Killed a curse toe
 72932 | Zot:1    | Lost mutation: You passively map a large area around you.
                  | [Jiyva's grace]
 72932 | Zot:1    | Lost mutation: Your pliable body absorbs attacks. (AC +2,
                  | EV +2) [Jiyva's grace]
 72932 | Zot:1    | Lost mutation: Armour fits poorly on your large pseudopods.
                  | [Jiyva's grace]
 72932 | Zot:1    | Lost mutation: You have a small jelly attached to you that
                  | may absorb projectiles. [Jiyva's grace]
 72932 | Zot:1    | Gained mutation: You are robust. (+10% HP) [Jiyva's grace]
 72932 | Zot:1    | Gained mutation: You are very robust. (+20% HP) [Jiyva's
                  | grace]
 72932 | Zot:1    | Gained mutation: You are extremely robust. (+30% HP)
                  | [Jiyva's grace]
 72932 | Zot:1    | Gained mutation: Armour fits poorly on your large
                  | pseudopods. [Jiyva's grace]
 73544 | Zot:2    | Noticed an orb of fire
 73545 | Zot:2    | Gained mutation: You occasionally lose the ability to read
                  | scrolls when taking damage. [an orb of fire]
 73556 | Zot:2    | Gained mutation: Your body sometimes deteriorates upon
                  | taking damage. [an orb of fire]
 73559 | Zot:2    | Killed an orb of fire
 73560 | Zot:2    | Reached XP level 24. HP: 128/159 MP: 30/42
 74236 | Zot:2    | Reached skill level 5 in Necromancy
 75124 | Zot:3    | Acquired the ring of Vowk {rF+ rN+ Will+ rCorr Stlth-}
 76260 | Zot:4    | Reached skill level 22 in Dodging
 76295 | Zot:4    | Learned a level 1 spell: Apportation
 76298 | Zot:4    | Learned a level 2 spell: Blink
 76324 | Zot:4    | Lost mutation: You have a pair of antennae on your head.
                  | [Jiyva's grace]
 76324 | Zot:4    | Lost mutation: Your body sometimes deteriorates upon taking
                  | damage. [Jiyva's grace]
 76324 | Zot:4    | Lost mutation: You passively map the area around you.
                  | [Jiyva's grace]
 76324 | Zot:4    | Gained mutation: Your muscles are strong. (Str +4, Int/Dex
                  | -1) [Jiyva's grace]
 76324 | Zot:4    | Gained mutation: Your muscles are very strong. (Str +8,
                  | Int/Dex -2) [Jiyva's grace]
 76324 | Zot:4    | Lost mutation: Your translucent skin slightly reduces your
                  | foes' accuracy. (Stealth+) [Jiyva's grace]
 76324 | Zot:4    | Gained mutation: Your skin changes colour to match your
                  | surroundings (Stealth+). [Jiyva's grace]
 76324 | Zot:4    | Gained mutation: Your skin blends seamlessly with your
                  | surroundings (Stealth++). [Jiyva's grace]
 76720 | Zot:4    | Learned a level 6 spell: Dispersal
 76903 | Zot:4    | Reached skill level 15 in Spellcasting
 77100 | Zot:4    | Noticed Parghit
 77113 | Zot:4    | Killed Parghit
 77417 | Zot:5    | Entered Level 5 of the Realm of Zot
 77848 | Zot:5    | Noticed an ancient lich
 77856 | Zot:5    | Killed an ancient lich
 77947 | Zot:5    | Noticed an ancient lich
 77959 | Zot:5    | Killed an ancient lich
 77960 | Zot:5    | Reached XP level 25. HP: 166/166 MP: 36/43
 78085 | Zot:5    | Noticed an orb of fire
 78118 | Zot:5    | Noticed a Killer Klown
 78128 | Zot:5    | Noticed a Killer Klown
 78143 | Zot:5    | Killed a Killer Klown
 78149 | Zot:5    | Killed a Killer Klown
 78205 | Zot:5    | Noticed a Killer Klown
 78205 | Zot:5    | Noticed an orb of fire
 78210 | Zot:5    | Gained mutation: Your magical capacity is low. (-10% MP)
                  | [an orb of fire]
 78214 | Zot:5    | Noticed an orb of fire
 78223 | Zot:5    | Killed an orb of fire
 78244 | Zot:5    | Killed a Killer Klown
 78382 | Zot:5    | Noticed a Killer Klown
 78393 | Zot:5    | Killed a Killer Klown
 78395 | Zot:5    | Lost mutation: You are extremely robust. (+30% HP) [an orb
                  | of fire]
 78395 | Zot:5    | Noticed a Killer Klown
 78405 | Zot:5    | Killed an orb of fire
 78467 | Zot:5    | Killed a Killer Klown
 78549 | Zot:5    | Noticed a Killer Klown
 78551 | Zot:5    | Noticed a Killer Klown
 78555 | Zot:5    | Noticed an ancient lich
 78560 | Zot:5    | Noticed a dread lich
 78562 | Zot:5    | Killed a Killer Klown
 78564 | Zot:5    | Noticed a Killer Klown
 78568 | Zot:5    | Killed an orb of fire
 78569 | Zot:5    | Reached skill level 23 in Dodging
 78570 | Zot:5    | Killed an ancient lich
 78571 | Zot:5    | Noticed a Killer Klown
 78572 | Zot:5    | Slimified a dread lich
 78572 | Zot:5    | a dread lich changed into an azure jelly
 78574 | Zot:5    | Killed a Killer Klown
 78578 | Zot:5    | Noticed a dread lich
 78589 | Zot:5    | Killed a Killer Klown
 78599 | Zot:5    | Paralysed by a dread lich for 4 turns
 78601 | Zot:5    | HP: 5/154 [Tzitzimitl[a dread lich] (8)]
 78601 | Zot:5    | Slain by a Tzitzimitl
 78602 | Zot:5    | Reached XP level 24. HP: -1/150 MP: 5/38
 78825 | Zot:5    | Paralysed by a dread lich for 5 turns
 78831 | Zot:5    | Killed a dread lich
 78917 | Zot:5    | Killed a Killer Klown
 79059 | Zot:5    | Got the Orb of Zot
 79157 | Zot:3    | Noticed Nymogun the pandemonium lord
 79163 | Zot:3    | HP: 7/151 [Nymogun the pandemonium lord (38)]
 79165 | Zot:3    | Killed Nymogun the pandemonium lord
 79584 | D:$      | Escaped with the Orb!

Illustrated notes

Levels and vault maps discovered:
D:1:      minmay_arrival_stair_chambers, layout_rooms, serial_shops,
          nicolae_shop_behind_doors, nicolae_lakefront_shop,
          ebering_ecumenical_altar_webs
D:2:      layout_loops_corners, chequers_hall_statues_corner_a,
          minmay_fractal_squares_gapless_5
D:3:      layout_loops_ring, serial_shops, shop, uniq_sigmund, uniq_natasha,
          uniq_terence, uniq_crazy_yiuf_cottage
D:4:      minmay_clustersquares, layout_cave_pods, minmay_liquid_box,
          minivault_4
D:5:      layout_loops_cross, serial_shops, nicolae_shop_crystal,
          enter_ossuary_5, nicolae_stop_n_shop_1, hangedman_decor_riveting,
          uniq_ijyb
D:6:      layout_cave_pods, minmay_temple_entry_sparse_star,
          gammafunk_ghost_split
D:7:      layout_basic, tso_altar, mainiacjoe_overflow_divided_tiny,
          serial_shops, shop, grunt_ministairs_1, nicolae_fountain_basement
D:8:      layout_gridville, bloody_makhleb, uniq_maggie, uniq_grum,
          uniq_prince_ribbit1
D:9:      layout_irregular_city
D:10:     layout_big_octagon, kennysheep_mini_moat,
          nicolae_shop_overcharged_wands
D:11:     layout_rooms, due_lair_maze_entry_diamond, david_orc_1_choice,
          grunt_decor_cap, kb_lookout_dungeons_type, minivault_25_ag,
          zin_scriptorium, uniq_urug
D:12:     layout_roguey
D:13:     layout_rooms, david_vaults_1, gammafunk_ghost_nasty_kobolds,
          serial_shops, shop, gauntlet_entry_generic, nicolae_island_escapes
D:14:     layout_loops_ring, nicolae_diode_basic, uniq_louise
D:15:     gammafunk_depths_entry_grave, layout_rooms, ebering_ghost_rock_garden,
          kennysheep_flooded_box, minmay_starry_boxes
Temple:   hellmonk_temple_divided_pantheon
Lair:1:   layout_gridlike, portal_ice_cave_rime, serial_bayou_shore_a,
          wad_woods_river_01, uniq_harold
Lair:2:   layout_roguey, elwin_shoals_entry_rocks,
          nicolae_snake_entry_warm_welcome, beast_lair_carwin_6
Lair:3:   layout_roguey, beast_lair_carwin_1, grunt_megastairs_1,
          lemuel_fruit_fields, infiniplex_staircase_pool
Lair:4:   layout_small_grid, bobbens_ice_dragon_lair
Lair:5:   wormcave, layout_regular_city, hangedman_lair_in_review,
          slime_entry_1, lemuel_fruit_fields
Shoals:1: layout_shoals, uniq_kirke, uniq_donald, uniq_roxanne, uniq_nikola
Shoals:2: layout_shoals, lemuel_altar_in_water2, nicolae_specific_store
Shoals:3: layout_shoals, nicolae_shoals_bring_sunscreen, uniq_ilsuiw,
          uniq_polyphemus
Shoals:4: shoals_end_hellmonk_lost_city
Snake:1:  layout_onion, gammafunk_ghost_berserking_beasts
Snake:2:  layout_onion, minmay_shop_star, uniq_aizul, uniq_vashnia
Snake:3:  layout_rooms, serial_shops, freezing_bzr, nicolae_snake_snakewalk
Snake:4:  grunt_snake_rune_pools, layout_misc_corridors, uniq_mlioglotl
Slime:1:  layout_caves
Slime:2:  layout_caves, cheibrodos_slime_lost_civilization_7
Slime:3:  layout_caves
Slime:4:  layout_caves, nicolae_slime_phagocytosis
Slime:5
Orc:1:    layout_diamond_mine
Orc:2:    grunt_orc_tribal_feast, layout_diamond_mine,
          gammafunk_ghost_wrathful_warriors, mines4_lemuel
Elf:1:    layout_gridlike, hangedman_elf_represent, st_stairs_10, uniq_jorgrun,
          uniq_azrael
Elf:2:    elven_hall_of_blades_hangedman_alternative [grunt_blade_entry_basic],
          layout_loops_cross, st_stairs_9, minmay_shop_grove, uniq_agnes
Elf:3:    minmay_elf_hall_x, layout_geoelf_castle, serial_shops,
          nicolae_shop_trees
Vaults:1: dpeg_vaults_monster_box, hangedman_vaults_restitches,
          nicolae_vaults_three_branches, v_alt_pattern_6, v_misc_12,
          nicolae_vaults_network_periphery, v_alt_pattern_1,
          hangedman_vaults_stretched_pinwheel, vaults_dpeg_spiral,
          st_more_cells, vaults_mumra_chevron_long, layout_vaults_omnibox,
          serial_shops, shop
Vaults:2: nicolae_vaults_ring_of_whatevers, vaults_dpeg_hooks, v_misc_13,
          ontoclasm_vaults_spin, ontoclasm_vaults_eye,
          ontoclasm_vaults_claustrophobia, nicolae_vaults_border_crossing,
          layout_vaults_omnigrid
Vaults:3: v_misc_11, v_misc_4, nicolae_vaults_yaktaur_gun_rack,
          hangedman_vaults_trim, hangedman_vaults_slither, v_misc_18,
          v_alt_pattern_4, nicolae_vaults_little_squares_4, grunt_vaults_focal,
          nicolae_vaults_diagonal_hallway_7, nicolae_vaults_ring_of_whatevers,
          layout_vaults_omnicross, serial_shops, shop
Vaults:4: ontoclasm_vaults_bender, vaults_room_grid, ontoclasm_vaults_twist,
          ontoclasm_vaults_ring_square, ontoclasm_vaults_misaligned,
          grunt_vaults_hallway_short, nicolae_vaults_hallways_thing,
          nicolae_vaults_little_squares_5, vaults_dpeg_ring,
          nicolae_vaults_little_squares_2, vaults_room_boxed,
          nicolae_vaults_little_squares_2, nicolae_vaults_ring_of_whatevers,
          layout_vaults_maze_snakey, serial_shops, nicolae_shop_trees, uniq_jory
Vaults:5
Crypt:1:  layout_gridlike, grunt_ministairs_6, uniq_boris
Crypt:2:  layout_chaotic_city, lemuel_upstairs_altar, uniq_bai_suzhen
Crypt:3:  david_glass_crypt, layout_basic, tomb_entry_sphere_bobbens,
          nicolae_crypt_cryptocurrency, minivault_14
Tomb:1
Depths:1: kennysheep_big_flooded_room, layout_gridlike, enter_trove_3,
          hell_entry, abyss_entry, chequers_big_river, evilmike_minifort,
          infiniplex_staircase_pool_lava, uniq_mara, uniq_asterion
Depths:2: minmay_firetagon, layout_gridville, hell_entry,
          hangedman_abyss_or_decor_stabs, rand_demon_pan_entry_3,
          nrook_campfire, grunt_megastairs_2, infiniplex_staircase_pool_1
Depths:3: dreamdust_under_siege, layout_cave_pools, enter_ziggurat_c,
          minmay_crystal_water, lightli_too_deep, abyss_entry,
          roderic_lattice_octagonal_star, uniq_enchantress, uniq_saint_roka
Depths:4: grunt_crosshair, layout_basic, skrybe_limestone_x, pf_coc_iceberg,
          uniq_margery
Zot:1:    layout_basic, uniq_grunn
Zot:2:    kennysheep_ambush_hall, layout_basic
Zot:3:    layout_cellular_growth, grunt_megastairs_5
Zot:4:    lemuel_draconian_sentries_small, layout_gridlike,
          hangedman_zot_decor_slant, lemuel_baited_zot_trap, bh_zot_ikea_curve,
          uniq_parghit
Zot:5:    layout_gridlike

Skill      XL: |  1  2  3  4  5  6  7  8  9 10 11 12 13 14 15 16 17 18 19 20 21 22 23 24 25 |
---------------+----------------------------------------------------------------------------+-----
Stealth        | 3 |  3.0
Dodging        | 3 4 5 7 8 10 12 14 16 18 20 21 22 23 | 23.4
Spellcasting   | 3 4 5 6 7 8 10 11 12 13 14 15 | 15.0
Summonings     | 5 6 7 8 9 10 11 13 14 15 16 | 16.0
Hexes          | 2 3 4 5 9 10 | 10.0
Fighting       | 1 2 3 5 6 7 9 11 12 14 15 16 17 18 19 20 21 | 21.8
Air Magic      | 2 4 6 7 8 10 12 14 15 16 17 18 19 20 | 20.7
Transmutations | 3 6 9 12 15 16 17 18 19 20 | 20.9
Translocations | 9 10 15 | 15.0
Unarmed Combat | 7 9 12 14 15 16 17 18 19 | 19.6
Evocations     | 4 5 |  5.0
Necromancy     | 4 8 9 |  9.0

Action                     |  1- 3 |  4- 6 |  7- 9 | 10-12 | 13-15 | 16-18 | 19-21 | 22-24 | 25-27 || total
---------------------------+-------+-------+-------+-------+-------+-------+-------+-------+-------++-------
  Melee: Unarmed           |    26 |     8 |    96 |    48 |   690 |  1477 |  1583 |  1194 |   138 ||  5260
         Bite              |     2 |     1 |    15 |     9 |     6 |     3 |     5 |     6 |     1 ||    48
         Punch             |       |       |     4 |       |    23 |    88 |   148 |   153 |    15 ||   431
         Pseudopods        |       |       |       |       |       |       |     1 |    11 |       ||    12
   Cast: Summon Small Mamm |    24 |     2 |       |       |       |       |       |     1 |       ||    27
         Call Imp          |    14 |    13 |    20 |       |     1 |       |       |       |       ||    48
         Call Canine Famil |     3 |    15 |    63 |    46 |    61 |     2 |       |       |       ||   190
         Summon Guardian G |       |     5 |    34 |    38 |    49 |     3 |       |       |       ||   129
         Summon Lightning  |       |       |    18 |    74 |   125 |    37 |       |     1 |       ||   255
         Summon Mana Viper |       |       |       |    55 |   144 |    48 |     1 |     1 |       ||   249
         Storm Form        |       |       |       |       |    55 |   126 |    90 |    77 |     8 ||   356
         Manifold Assault  |       |       |       |       |    90 |   351 |   379 |   296 |    30 ||  1146
         Wereblood         |       |       |       |       |    10 |    25 |     5 |       |     1 ||    41
         Summon Hydra      |       |       |       |       |       |       |    37 |    39 |    13 ||    89
         Monstrous Menager |       |       |       |       |       |       |    23 |    26 |     2 ||    51
         Passage of Golubr |       |       |       |       |       |       |     1 |       |       ||     1
         Haunt             |       |       |       |       |       |       |       |     8 |     3 ||    11
 Invoke: Call Merchant     |       |       |       |     1 |     4 |     2 |       |       |       ||     7
         Potion Petition   |       |       |       |       |     1 |       |       |       |       ||     1
         Slimify           |       |       |       |       |       |       |       |     2 |     1 ||     3
Ability: Blinkbolt         |       |       |       |       |    14 |    45 |    16 |    12 |       ||    87
  Evoke: Wand              |       |       |       |       |     2 |     1 |       |       |       ||     3
         Phantom mirror    |       |       |       |       |       |       |     3 |       |     1 ||     4
         Condenser vane    |       |       |       |       |       |       |     1 |     1 |     1 ||     3
    Use: Scroll            |     2 |     2 |     8 |     8 |    16 |     9 |     8 |     4 |     2 ||    59
         Potion            |       |       |     1 |       |     3 |     5 |     3 |     1 |     3 ||    16
   Stab: Distracted        |       |       |       |     1 |    16 |    18 |    13 |    13 |     4 ||    65
         Invisible         |       |       |       |       |       |     2 |       |       |     2 ||     4
         Sleeping          |       |       |       |       |       |     3 |     2 |     2 |       ||     7
         Paralysed         |       |       |       |       |       |       |     2 |     5 |       ||     7
         Petrifying        |       |       |       |       |       |       |       |     1 |       ||     1
 Armour: Skin              |     1 |       |    13 |     4 |    87 |   107 |    93 |    88 |    14 ||   407
  Dodge: Dodged            |    28 |    14 |   220 |   107 |   749 |  1208 |  1211 |  1073 |   140 ||  4750
  Block: Other             |       |       |       |     3 |    11 |   124 |   216 |   135 |     9 ||   498
         Reflection        |       |       |       |       |     3 |    18 |     4 |     3 |     1 ||    29

Table legend: (Time is in decaauts)
 A = Elapsed time spent in this place.
 B = Non-inter-level travel time spent in this place.
 C = Inter-level travel time spent in this place.
 D = Time resting spent in this place.
 E = Time spent auto-exploring this place.
 F = Levels seen in this place.
 G = Mean time per level.
                   A        B        C        D        E       F      G
               +--------+--------+--------+--------+--------+-----+--------+
         Total |  73125 |  67709 |   5416 |  18633 |  30298 |  63 | 1160.7 |
       Dungeon |  19662 |  17525 |   2137 |   3942 |   9792 |  15 | 1310.8 |
        Temple |     66 |     53 |     13 |      0 |      0 |   1 |   66.0 |
          Lair |   7588 |   6800 |    788 |   1539 |   3708 |   5 | 1517.6 |
        Shoals |   3169 |   3078 |     91 |    892 |    851 |   4 |  792.2 |
     Snake Pit |   5184 |   4977 |    207 |   1773 |   1784 |   4 | 1296.0 |
    Slime Pits |   2448 |   2314 |    134 |   1421 |      0 |   5 |  489.6 |
  Orcish Mines |   3151 |   2671 |    480 |    858 |   1134 |   2 | 1575.5 |
   Elven Halls |   6244 |   6071 |    173 |   2573 |   2231 |   3 | 2081.3 |
        Vaults |   9323 |   8755 |    568 |   1928 |   4611 |   5 | 1864.6 |
         Crypt |   3875 |   3678 |    197 |   1204 |   1509 |   3 | 1291.7 |
          Tomb |    458 |    451 |      7 |    109 |      0 |   1 |  458.0 |
        Depths |   4164 |   3789 |    375 |    510 |   2071 |   4 | 1041.0 |
           Zot |   6513 |   6271 |    242 |   1541 |   2603 |   5 | 1302.6 |
         Abyss |    587 |    587 |      0 |     37 |      0 |   3 |  195.7 |
        Bazaar |     93 |     93 |      0 |      0 |      0 |   1 |   93.0 |
         Trove |     35 |     35 |      0 |      0 |      0 |   1 |   35.0 |
      Gauntlet |    556 |    556 |      0 |    301 |      0 |   1 |  556.0 |
               +--------+--------+--------+--------+--------+-----+--------+

Top non-repeatable levels by time:
   Elf:3: 2941 daAuts
Vaults:2: 2319 daAuts
   Elf:1: 2194 daAuts
     D:3: 2163 daAuts
Vaults:3: 2131 daAuts
   Orc:2: 2076 daAuts
  Lair:5: 1997 daAuts
Vaults:1: 1823 daAuts
  Lair:1: 1815 daAuts
     D:6: 1784 daAuts
    D:11: 1718 daAuts
Vaults:4: 1701 daAuts
     D:2: 1696 daAuts
 Crypt:3: 1657 daAuts
 Snake:1: 1610 daAuts
